 Dungeon Crawl Stone Soup version 0.28-a0-657-g71136c5590 (webtiles) character file.

Game seed: 1577347922976740026

82 lawman0 the Covert (level 4, -2/41 HPs)
             Began as a Gnoll Delver on Oct 13, 2021.
             Slain by a kobold (5 damage)
             ... in a sewer.
             The game lasted 00:01:02 (617 turns).

lawman0 the Covert (Gnoll Delver)                    Turns: 617, Time: 00:01:03

Health: -2/41      AC:  3    Str: 11    XL:     4   Next: 43%
Magic:  5/5        EV: 13    Int: 10    God:
Gold:   0          SH:  0    Dex: 14    Spells: 5/5 levels left

rFire   . . .      SeeInvis .   a - +0 mace
rCold   . . .      Faith    .   (no shield)
rNeg    . . .      Spirit   .   b - +0 leather armour
rPois   .          Reflect  .   (no helmet)
rElec   .          Harm     .   (no cloak)
rCorr   .          Rampage  .   (no gloves)
Will    .....                   (no boots)
Stlth   ++........              (no amulet)
HPRegen 0.13/turn               (no ring)
MPRegen 0.09/turn               (no ring)

@: lethally poisoned (-2 -> -7), very slightly contaminated, hasted and slowed,
invisible, very slow
A: fangs 1, strong nose, distributed training
a: no special abilities


You were in a sewer.
You visited 1 branch of the dungeon, and saw 1 of its levels.
You also visited: Sewer.

Inventory:

Hand Weapons
 a - a +0 mace (weapon)
Armour
 b - a +0 leather armour (worn)
Wands
 g - a wand of digging (3)
Scrolls
 c - a scroll of fog
 e - a scroll of fear


   Skills:
 + Level 6.6 Fighting
 + Level 1.1 Short Blades
 + Level 1.1 Long Blades
 + Level 1.1 Axes
 + Level 4.6 Maces & Flails
 + Level 1.1 Polearms
 + Level 1.1 Staves
 + Level 1.1 Slings
 + Level 1.1 Bows
 + Level 1.1 Crossbows
 + Level 1.1 Throwing
 + Level 1.1 Armour
 + Level 4.6 Dodging
 + Level 9.6 Stealth
 + Level 1.1 Shields
 + Level 1.1 Unarmed Combat
 + Level 1.1 Spellcasting
 + Level 0.9 Conjurations
 + Level 0.9 Hexes
 + Level 0.9 Summonings
 + Level 0.9 Necromancy
 + Level 0.9 Translocations
 + Level 0.9 Transmutations
 + Level 0.9 Fire Magic
 + Level 0.9 Ice Magic
 + Level 0.9 Air Magic
 + Level 0.9 Earth Magic
 + Level 0.9 Poison Magic
 + Level 1.2 Invocations
 + Level 1.1 Evocations


You had 5 spell levels left.
You didn't know any spells.
Your spell library was empty.

Dungeon Overview and Level Annotations

Branches:
Dungeon (5/15)              Sewer (1/1)
 Temple: D:4-7

Altars:

Annotations:
D:5 Eustachio


Innate Abilities, Weirdness & Mutations

You have very sharp teeth.
Your uncanny sense of smell can sniff out nearby items.
Your experience applies equally to all skills.


Message History

Moving in this stuff is going to be slow. ...and don't expect to remain undetected.
The kobold shouts!
The kobold hits you with a +0 club. The kobold misses you.
You hit the kobold.
You kill the kobold!
You hear a splash. x2
The kobold brigand throws a curare-tipped dart.
The curare-tipped dart barely misses you.
The kobold throws a stone.
The stone hits you.
Your unstable footing causes you to fumble your attack.
The kobold barely misses you.
The kobold brigand throws a curare-tipped dart.
The curare-tipped dart barely misses you.
The kobold misses you.
You closely miss the kobold.
The kobold hits you with a +0 short sword.
The kobold brigand throws a curare-tipped dart.
The curare-tipped dart hits you.
You are poisoned.
You have difficulty breathing.
You feel yourself slow down. The kobold closely misses you.
You barely miss the kobold.
You feel very sick.
The kobold hits you but does no damage. x2
You hit the kobold brigand but do no damage.
You feel very sick.
The kobold splashes around in the water.
The kobold brigand hits you with a +0 whip!
The kobold hits you with a +0 short sword.
* * * LOW HITPOINT WARNING * * *
The kobold splashes around in the water.
You hit the kobold brigand.
The kobold brigand is lightly wounded.
* * * LOW HITPOINT WARNING * * *
You feel sick. The kobold closely misses you.
The kobold brigand hits you with a +0 whip.
* * * LOW HITPOINT WARNING * * *
The kobold hits you with a +0 short sword.
You die...

.. ####.#### #.≈.....#
#..≈≈≈..# #≈≈≈≈≈≈≈#
#≈≈≈≈≈≈.# #KK≈≈≈≈≈#
#K@≈≈≈≈.# #≈K≈≈≈..#
###############..≈≈≈≈≈#
≈≈≈≈≈≈≈≈≈≈≈≈≈≈†≈≈≈≈≈..#
###############≈≈≈≈≈≈.#
##≈≈≈≈≈## #.≈≈≈.#
#≈≈≈≈.### #.≈≈≈..∩#


You could see a kobold brigand and 3 kobolds.

Vanquished Creatures
  A bullfrog zombie (D:5)
  A hound (D:5)
  A river rat (Sewer)
  An adder zombie (D:5)
  A bat (D:5)
  A jackal (Sewer)
  A kobold (Sewer)
  2 rats (Sewer)
9 creatures vanquished.

Notes
Turn   | Place    | Note
-------+----------+-------------------------------------------
     0 | D:5      | Reached skill level 9 in Stealth
     0 | D:5      | lawman0 the Gnoll Delver began the quest for the Orb.
     0 | D:5      | Reached XP level 1. HP: 23/23 MP: 1/1
    21 | D:5      | Reached XP level 2. HP: 18/29 MP: 1/3
    21 | D:5      | Reached XP level 3. HP: 22/35 MP: 1/4
    48 | D:5      | Reached skill level 1 in Short Blades
    48 | D:5      | Reached skill level 1 in Long Blades
    48 | D:5      | Reached skill level 1 in Axes
    48 | D:5      | Reached skill level 1 in Polearms
    48 | D:5      | Reached skill level 1 in Staves
    48 | D:5      | Reached skill level 1 in Slings
    48 | D:5      | Reached skill level 1 in Bows
    48 | D:5      | Reached skill level 1 in Crossbows
    48 | D:5      | Reached skill level 1 in Throwing
    48 | D:5      | Reached skill level 1 in Armour
    48 | D:5      | Reached skill level 1 in Shields
    48 | D:5      | Reached skill level 1 in Unarmed Combat
    48 | D:5      | Reached skill level 1 in Spellcasting
    48 | D:5      | Reached skill level 1 in Invocations
    48 | D:5      | Reached skill level 1 in Evocations
    48 | D:5      | Reached XP level 4. HP: 7/41 MP: 3/5
   204 | D:5      | Noticed Eustachio
   206 | D:5      | Found a glowing drain.
   216 | Sewer    | Entered a sewer
   579 | Sewer    | Noticed a kobold brigand
   617 | Sewer    | Slain by a kobold

Illustrated notes

Levels and vault maps discovered:
D:5:      layout_basic, cheibrodos_sewer_entry_sluice, uniq_eustachio
Sewer:    sewer_kobolds

Skill      XL: |  1  2  3 |
---------------+----------+-----
Stealth        | |  9.6
Short Blades   | 1 |  1.1
Long Blades    | 1 |  1.1
Axes           | 1 |  1.1
Polearms       | 1 |  1.1
Staves         | 1 |  1.1
Slings         | 1 |  1.1
Bows           | 1 |  1.1
Crossbows      | 1 |  1.1
Throwing       | 1 |  1.1
Armour         | 1 |  1.1
Shields        | 1 |  1.1
Unarmed Combat | 1 |  1.1
Spellcasting   | 1 |  1.1
Invocations    | 1 |  1.2
Evocations     | 1 |  1.1
Fighting       | |  6.6
Maces & Flails | |  4.6
Dodging        | |  4.6
Conjurations   | |  0.9
Hexes          | |  0.9
Summonings     | |  0.9
Necromancy     | |  0.9
Translocations | |  0.9
Transmutations | |  0.9
Fire Magic     | |  0.9
Ice Magic      | |  0.9
Air Magic      | |  0.9
Earth Magic    | |  0.9
Poison Magic   | |  0.9

Action                   |  1- 3 |  4- 6 || total
-------------------------+-------+-------++-------
Melee: Mace              |    20 |    27 ||    47
       Bite              |     4 |     1 ||     5
  Use: Scroll            |     1 |       ||     1
       Potion            |       |     2 ||     2
 Stab: Sleeping          |     1 |     2 ||     3
Armor: Leather armour    |     4 |     7 ||    11
Dodge: Dodged            |    16 |    22 ||    38

Table legend: (Time is in decaauts)
 A = Elapsed time spent in this place.
 B = Non-inter-level travel time spent in this place.
 C = Inter-level travel time spent in this place.
 D = Time resting spent in this place.
 E = Time spent auto-exploring this place.
 F = Levels seen in this place.
 G = Mean time per level.
                   A        B        C        D        E       F      G
               +--------+--------+--------+--------+--------+-----+--------+
         Total |    651 |    651 |      0 |    438 |     59 |   2 |  325.5 |
       Dungeon |    220 |    220 |      0 |    143 |      0 |   1 |  220.0 |
         Sewer |    430 |    430 |      0 |    295 |     59 |   1 |  430.0 |
               +--------+--------+--------+--------+--------+-----+--------+

Top non-repeatable levels by time:
   Sewer: 430 daAuts
     D:5: 220 daAuts
